Selects Panzerjäger Kommand Battlegroup
Selects Panzerjäger Kommand Battlegroup
Selects Panzerjäger Kommand Battlegroup
Construct Light Support Kompanie
Construct Panzerarmee Kommand
Selects Butterfly Bomb Drop
Selects Crew Shock Tactics
Walking Stuka Rocket Launcher
Walking Stuka Rocket Launcher
Selects Elefant Tank Destroyer
Construct Mechanized Kompanie
18-tonne Recovery Half-track
Pak 38 Anti-tank Gun Team
Pak 38 Anti-tank Gun Team
Pak 38 Anti-tank Gun Team